Map: Efflorescence LE

Players

qqq - Winner!

  • Race: Zerg Zerg
  • Spawn Location: 12:00

Massa - Winner!

  • Race: Terran Terran
  • League: Platinum
  • Spawn Location: 3:00

Tyler

  • Race: Zerg Zerg
  • League: Diamond
  • Spawn Location: 9:00

BLACKki

  • Race: Terran Terran
  • League: Diamond
  • Spawn Location: 6:00

VOD

Have the link to the VOD?

Description

Time

  • Played on: Oct. 24, 2020, 5:49 a.m.
  • Length: 18:45
Show
View Real Time Build Order
Export as new Build Order

qqq Zerg - Winner!

Build Orders: Hatch First, Lurkers, Zergling Baneling 

Get SALT Encoding   

  12  0:00  Drone  
  13  0:15  Drone  
  14  0:37  Hatchery  
  14  0:41  Drone  
  14  0:57  Spawning Pool  
  13  1:08  Overlord  
  13  1:10  Drone  
  14  1:13  Extractor  
  14  1:17  Drone  
  14  1:27  Drone  
  14  1:30  Drone  
  16  1:43  Drone  
  17  2:03  Drone x2  
  17  2:04  Queen  
  17  2:05  Queen  
  22  2:17  Drone  
  22  2:18  Drone x2  
  22  2:20  Drone  
  26  2:27  Metabolic Boost  
  26  2:35  Overlord  
  25  2:59  Drone, Zergling x2  
  25  3:00  Zergling x2  
  25  3:01  Drone x3  
  31  3:05  Baneling Nest  
  31  3:12  Overlord  
  30  3:15  Zergling x2  
  31  3:21  Zergling x2  
  31  3:24  Zergling x2  
  33  3:29  Zergling x2, Overlord  
  33  3:30  Zergling x2  
  36  3:41  Zergling x2  
  36  3:42  Zergling x6, Overlord  
  36  3:45  Zergling x2  
  40  3:57  Zergling x2  
  41  4:04  Zergling x6  
  44  4:14  Zergling x2  
  44  4:15  Zergling x10  
  50  4:21  Baneling x6  
  50  4:22  Baneling x2  
  50  4:24  Zergling x2  
  51  4:25  Zergling x2  
  50  4:56  Zergling x2  
  50  4:57  Drone, Zergling x6  
  50  4:58  Drone x3  
  50  4:59  Lair  
  57  5:14  Baneling  
  54  5:31  Drone x3  
  54  5:32  Drone  
  54  5:35  Drone  
  59  5:37  Extractor, Overlord x3  
  58  5:47  Hatchery  
  57  5:52  Evolution Chamber  
  56  6:04  Drone  
  56  6:05  Drone x2  
  56  6:06  Drone x2  
  56  6:07  Drone x4  
  56  6:10  Extractor  
  64  6:12  Extractor  
  63  6:27  Baneling  
  63  6:28  Baneling x2  
  63  6:33  Overlord  
  63  6:34  Overlord  
  63  6:35  Drone x2  
  63  6:37  Zerg Missile Weapons Level 1  
  65  6:41  Spore Crawler  
  65  6:42  Hatchery, Hydralisk Den  
  65  6:44  Spore Crawler  
  61  6:50  Drone x3  
  61  6:52  Drone  
  63  7:07  Drone x2  
  63  7:08  Drone x5  
  69  7:12  Drone  
  70  7:21  Spore Crawler  
  68  7:25  Hydralisk, Muscular Augments  
  68  7:26  Hydralisk  
  68  7:28  Drone  
  68  7:29  Drone  
  74  7:38  Drone x2  
  76  7:46  Drone  
  76  7:47  Hydralisk x4  
  76  7:50  Hydralisk  
  87  7:54  Hydralisk  
  89  7:59  Drone  
  89  8:00  Drone  
  91  8:10  Hydralisk x3  
  91  8:11  Hydralisk  
  91  8:12  Drone  
  95  8:14  Drone  
  96  8:25  Drone x2, Lurker Den  
  96  8:26  Spore Crawler  
  96  8:27  Spore Crawler  
  95  8:36  Grooved Spines, Spore Crawler  
  95  8:37  Drone x5  
  95  8:38  Drone  
  95  8:40  Zerg Missile Weapons Level 2  
  100  8:44  Hydralisk  
  100  8:45  Hydralisk  
  99  8:58  Drone  
  100  9:05  Hydralisk  
  100  9:07  Drone  
  100  9:08  Overlord x6  
  100  9:09  Overlord  
  103  9:16  Drone x2, Spore Crawler  
  103  9:23  Spore Crawler  
  102  9:28  Drone, Hydralisk x3  
  102  9:30  Drone x3  
  112  9:36  Lurker x3  
  112  9:37  Lurker x2  
  118  9:38  Lurker  
  118  9:39  Drone  
  118  9:42  Hydralisk  
  121  9:49  Spore Crawler  
  120  9:54  Hydralisk  
  120  9:55  Hydralisk  
  120  9:58  Drone x4  
  128  10:06  Infestation Pit  
  116  10:34  Hydralisk x5  
  116  10:35  Hydralisk x2  
  95  10:36  Hydralisk  
  95  10:37  Drone  
  95  10:38  Drone x4  
  102  10:49  Drone  
  100  10:52  Extractor, Spine Crawler, Hydralisk x3  
  100  10:53  Extractor  
  97  10:59  Drone x2  
  99  11:09  Lurker x2  
  101  11:13  Zergling x10  
  101  11:14  Drone x3  
  109  11:32  Extractor x2  
  108  11:33  Drone x2, Spine Crawler  
  108  11:37  Hatchery  
  105  11:51  Hydralisk x2, Lurker x2  
  105  11:52  Hydralisk x5  
  105  11:53  Hydralisk x2  
  125  11:54  Drone x2  
  127  12:06  Drone  
  127  12:07  Drone  
  129  12:21  Baneling x5  
  129  12:22  Baneling x5  
  112  13:04  Lurker x7  
  112  13:05  Drone x3  
  119  13:06  Drone x5, Hydralisk x5  
  119  13:07  Hydralisk  
  120  13:36  Hydralisk x4  
  120  13:37  Hydralisk x3  
  120  13:38  Hydralisk x5  
  136  13:59  Hydralisk  
  136  14:00  Hydralisk x3  
  136  14:01  Drone x3  
  136  14:02  Drone x2  
  140  14:09  Hydralisk x2  
  133  14:10  Hydralisk x3  
  143  14:20  Drone x2  
  145  14:32  Lurker x3  
  145  14:33  Lurker x2  
  145  14:34  Zergling x14  
  145  14:35  Drone x2, Zergling x4  
  161  14:46  Hatchery  
  161  14:50  Zergling x10  
  161  14:51  Drone  
  166  15:02  Zerg Ground Armor Level 1, Hive  
  113  15:31  Hydralisk x9  
  113  15:32  Hydralisk x3  
  113  15:33  Drone x3  
  131  15:43  Hydralisk x3  
  131  15:44  Hydralisk  
  136  16:01  Drone  
  135  16:08  Centrifical Hooks  
  135  16:13  Spore Crawler  
  129  16:34  Drone x3  
  129  16:35  Drone  
  129  16:39  Drone x2, Hydralisk x3  
  135  16:40  Hydralisk x4  
  135  16:41  Hydralisk  
  135  16:42  Hydralisk x5  
  135  16:43  Seismic Spines  
  161  16:49  Hatchery  
  161  16:51  Lurker x2  
  161  16:52  Lurker x4  
  136  17:08  Hydralisk x6  
  116  17:09  Hydralisk x3  
  116  17:15  Zergling x6  
  124  17:23  Ultralisk Cavern  
  124  17:28  Lurker  
  124  17:29  Lurker x6  
  130  17:31  Hydralisk  
  130  17:32  Hydralisk x3  
  137  17:39  Hatchery x2  
  137  17:41  Hatchery, Adaptive Talons  
Show
View Real Time Build Order
Export as new Build Order

Massa Terran - Winner!

Build Orders:  

Get SALT Encoding   

  12  0:00  SCV  
  13  0:12  SCV  
  14  0:21  Supply Depot  
  14  0:24  SCV  
  15  0:36  Refinery  
  15  0:42  SCV  
  16  0:46  Barracks  
  16  0:54  SCV  
  17  1:06  SCV  
  18  1:19  SCV  
  19  1:31  SCV  
  20  1:33  Reaper  
  21  1:43  Orbital Command  
  21  1:50  Command Center  
  21  2:05  Marine  
  22  2:18  SCV  
  23  2:24  Barracks Reactor  
  23  2:35  Factory  
  23  2:40  Supply Depot  
  23  3:02  SCV  
  23  3:04  Command Center  
  23  3:05  Orbital Command  
  24  3:07  Marine x2  
  26  3:14  SCV  
  27  3:26  SCV  
  28  3:31  Marine x2  
  30  3:38  SCV  
  31  3:48  Factory Reactor  
  31  3:49  Marine x2  
  31  3:50  SCV  
  31  3:51  Supply Depot  
  34  3:57  SCV  
  34  4:01  Starport  
  34  4:02  SCV  
  36  4:07  Marine x2  
  36  4:09  SCV  
  39  4:14  SCV  
  39  4:24  Orbital Command  
  39  4:25  SCV, Marine x2  
  39  4:26  SCV  
  43  4:32  Hellion x2  
  43  4:37  SCV  
  48  4:43  Refinery, Marine x2, Medivac  
  52  4:48  SCV  
  52  4:49  SCV  
  52  4:50  SCV  
  55  4:53  Hellion  
  55  4:55  Supply Depot x2  
  55  4:56  Supply Depot  
  57  5:01  SCV x2, Hellion  
  57  5:02  SCV  
  57  5:04  Marine  
  63  5:13  SCV x2, Viking  
  63  5:14  SCV  
  68  5:26  SCV x2  
  68  5:27  SCV  
  71  5:34  Barracks  
  71  5:35  Refinery, Factory Tech Lab  
  71  5:38  SCV x2  
  71  5:39  SCV  
  71  5:41  Marine  
  71  5:42  Marine  
  76  5:43  Medivac  
  76  5:48  Factory  
  78  5:58  Barracks  
  78  5:59  Marine x2, Siege Tank  
  78  6:02  Refinery  
  83  6:17  Marine x2  
  85  6:19  Orbital Command  
  85  6:20  SCV, Engineering Bay  
  85  6:21  SCV  
  87  6:27  Marine  
  87  6:28  Marine  
  89  6:33  SCV x2  
  89  6:35  Marine x2  
  93  6:59  Marine  
  93  7:00  SCV  
  92  7:01  SCV  
  88  7:19  Siege Tank  
  88  7:21  Barracks Tech Lab  
  88  7:22  Factory Tech Lab  
  91  7:24  Terran Infantry Weapons Level 1  
  91  7:27  Missile Turret  
  91  7:28  Missile Turret  
  91  7:29  SCV x2  
  93  7:34  SCV  
  91  7:41  SCV x2  
  90  7:46  SCV  
  90  7:48  Missile Turret x2  
  90  7:49  Missile Turret  
  90  7:50  Missile Turret x2  
  90  7:51  Missile Turret  
  91  7:52  Missile Turret  
  91  7:53  SCV x2, Missile Turret x2  
  91  7:56  Missile Turret  
  93  8:02  Missile Turret  
  93  8:12  Supply Depot  
  93  8:13  Supply Depot  
  93  8:14  Supply Depot x2  
  93  8:16  Supply Depot  
  93  8:18  Supply Depot  
  93  8:22  Refinery x2  
  93  8:28  Stimpack  
  93  8:33  Marine  
  93  8:34  SCV, Siege Tank x2  
  101  8:35  SCV x2, Marauder, Marine x3  
  101  8:37  Medivac, Supply Depot x2  
  101  8:38  Supply Depot  
  110  8:44  Supply Depot  
  110  8:46  SCV  
  110  8:47  SCV x2  
  113  8:51  Marine  
  113  8:52  Marine x3  
  117  8:56  Marauder  
  117  8:57  Missile Turret  
  117  8:58  SCV  
  117  8:59  SCV x2  
  122  9:06  Siege Tank x2  
  122  9:07  Medivac  
  122  9:09  Marine  
  131  9:10  SCV, Marine  
  133  9:18  Marauder  
  133  9:19  Missile Turret  
  133  9:21  Barracks  
  133  9:23  Barracks Tech Lab  
  135  9:27  Marine  
  135  9:28  Marine  
  135  9:30  SCV  
  135  9:31  SCV x2  
  140  9:36  Command Center  
  140  9:38  Siege Tank x2  
  146  9:39  Marauder, Command Center  
  146  9:40  Missile Turret  
  146  9:42  Medivac  
  146  9:43  SCV x3  
  146  9:44  Combat Shield  
  153  9:54  Marauder, Marine  
  153  9:55  Marine  
  157  10:01  Marauder  
  157  10:02  Missile Turret  
  157  10:03  Armory  
  159  10:07  Engineering Bay  
  159  10:08  Terran Infantry Armor Level 1, Concussive Shells  
  159  10:10  Siege Tank x2  
  159  10:12  Marine x2, Medivac  
  169  10:15  Marauder  
  171  10:22  Marauder  
  171  10:25  Missile Turret  
  173  10:32  Marine  
  172  10:37  Marauder  
  172  10:42  Viking  
  171  11:11  Starport  
  171  11:12  Starport, Viking  
  143  11:42  Viking  
  143  11:46  Marauder  
  143  11:47  Marauder, Marine  
  142  11:48  Marine x3  
  146  11:56  Terran Vehicle Weapons Level 1  
  146  11:57  Terran Infantry Weapons Level 2  
  146  11:59  Starport Reactor x2  
  146  12:05  Marine x4  
  146  12:08  Marauder x2  
  154  12:12  Viking  
  154  12:13  SCV x3  
  159  12:23  Marine x4, Planetary Fortress  
  159  12:25  SCV  
  159  12:26  SCV x2  
  159  12:28  Missile Turret  
  159  12:29  Marauder, Marine  
  169  12:33  Refinery  
  169  12:37  SCV, Siege Tank  
  169  12:38  SCV x2, Siege Tank  
  169  12:40  Marine  
  169  12:41  Marine x3  
  182  12:44  Viking  
  182  12:45  Viking x4  
  182  12:47  Marauder  
  182  12:49  Missile Turret  
  182  12:50  Smart Servos  
  182  12:51  Marauder  
  196  12:58  Marine  
  196  12:59  Marine x3  
  200  13:10  Missile Turret  
  200  13:12  Marauder  
  194  13:16  Marine  
  179  13:31  Marauder, Marine  
  179  13:32  Marine x2, Missile Turret  
  179  13:33  Marauder, Thor x2  
  198  13:34  Marine  
  199  13:49  Marine  
  199  13:52  Missile Turret  
  200  14:13  Missile Turret  
  190  15:06  Marauder x2, Marine  
  190  15:07  Marine x3  
  161  15:08  Thor  
  161  15:09  Thor  
  133  15:24  Marine x2  
  133  15:25  Marine x2  
  133  15:27  Marauder  
  133  15:28  Marauder  
  137  15:33  Medivac, Viking x4  
  147  15:42  Marine x4  
  135  15:49  Marauder x2  
  136  15:51  Thor x2  
  148  15:57  Planetary Fortress  
  148  16:00  Marine x4  
  148  16:03  Medivac x3  
  158  16:04  Refinery  
  158  16:10  Marauder  
  158  16:11  Marauder  
  162  16:17  Marine  
  162  16:18  Marine x3  
  163  16:21  Terran Infantry Armor Level 2, Command Center  
  163  16:25  Terran Vehicle And Ship Armor Level 1  
  166  16:31  Armory, Marauder  
  166  16:32  Marauder  
  170  16:35  Marine  
  170  16:36  Marine x3  
  174  16:40  Barracks  
  174  16:41  Barracks  
  174  16:42  Refinery  
  174  16:45  Barracks  
  174  16:46  Refinery  
  174  16:53  Marauder x2, Marine  
  174  16:54  Marine x3  
  180  16:59  Starport Tech Lab  
  180  17:01  Liberator x3  
  182  17:02  Liberator  
  194  17:11  Marine x4  
  194  17:14  Marauder  
  200  17:20  Cloaking Field  
  200  17:57  Sensor Tower  
  172  18:30  Sensor Tower  
Show
View Real Time Build Order
Export as new Build Order

Tyler Zerg 

Build Orders: Hatch First, Muta Ling Bane 

Get SALT Encoding   

  12  0:01  Drone  
  13  0:12  Overlord  
  13  0:20  Drone  
  14  0:32  Drone x2  
  16  0:53  Hatchery  
  16  0:55  Drone  
  16  0:58  Extractor  
  16  1:01  Drone  
  16  1:15  Spawning Pool  
  15  1:23  Drone  
  15  1:25  Drone  
  17  1:40  Drone  
  17  1:41  Overlord  
  18  2:03  Metabolic Boost  
  18  2:05  Queen  
  18  2:06  Queen  
  22  2:26  Zergling x2  
  23  2:34  Hatchery  
  22  2:41  Zergling x4  
  24  2:48  Drone x2  
  26  2:59  Lair  
  26  3:06  Drone x2  
  28  3:13  Overlord  
  28  3:18  Drone  
  29  3:20  Drone  
  30  3:27  Zergling x4  
  32  3:46  Drone x6  
  38  4:03  Drone x7  
  47  4:15  Zergling x4  
  49  4:20  Zergling x2  
  49  4:21  Overlord  
  50  4:24  Extractor  
  50  4:26  Extractor  
  50  4:28  Zergling x2  
  50  4:29  Zergling x2  
  50  4:38  Overlord x3  
  47  4:48  Zergling x6  
  47  4:50  Overlord  
  47  4:51  Overlord x3  
  48  5:13  Drone x5  
  48  5:14  Spire  
  52  5:15  Extractor  
  51  5:26  Drone x5  
  51  5:27  Drone x2  
  58  5:29  Baneling Nest  
  57  5:42  Drone  
  58  5:43  Drone  
  58  5:47  Evolution Chamber  
  58  5:51  Zergling x6, Evolution Chamber  
  60  6:02  Drone  
  60  6:03  Hatchery  
  60  6:06  Zergling x8  
  64  6:12  Centrifical Hooks  
  64  6:14  Baneling x3  
  64  6:15  Baneling  
  64  6:33  Mutalisk x5  
  74  6:42  Zergling x2  
  74  6:43  Zergling x8  
  79  6:53  Zerg Flyer Weapons Level 1  
  77  7:04  Mutalisk x2  
  77  7:05  Mutalisk x2  
  85  7:15  Zergling x2  
  85  7:16  Zergling x4  
  85  7:19  Mutalisk  
  90  7:38  Zergling x2  
  90  7:39  Zergling x14  
  98  7:45  Zergling x2  
  98  7:46  Zergling x2  
  98  7:47  Hatchery  
  99  7:51  Baneling  
  99  7:52  Baneling x2  
  99  7:53  Baneling x8  
  99  7:54  Baneling x3  
  99  8:11  Zergling x2  
  99  8:12  Zergling x14  
  106  8:13  Baneling x4  
  106  8:14  Baneling x7  
  106  8:16  Overlord  
  106  8:23  Overlord x2  
  106  8:34  Overlord x3  
  106  8:50  Zergling x18  
  106  8:53  Mutalisk  
  117  8:58  Mutalisk  
  119  9:04  Zergling x2  
  119  9:05  Drone  
  117  9:24  Mutalisk x4  
  117  9:25  Mutalisk  
  127  9:33  Zerg Melee Weapons Level 1  
  127  9:35  Drone x3  
  127  9:36  Drone x3  
  133  9:39  Extractor, Baneling  
  133  9:40  Baneling x2  
  133  9:41  Baneling  
  132  9:50  Zerg Flyer Armor Level 1  
  132  9:55  Drone  
  132  9:56  Drone x4  
  137  10:00  Extractor  
  137  10:06  Drone x4  
  140  10:10  Zerg Ground Armor Level 1  
  140  10:17  Pneumatized Carapace  
  140  10:19  Overseer  
  91  10:37  Zergling x2  
  91  10:38  Zergling x26  
  98  10:47  Drone x3  
  95  10:55  Drone  
  95  10:56  Drone x2  
  95  10:57  Queen  
  96  11:02  Zergling x6  
  96  11:03  Zergling x2  
  102  11:04  Baneling  
  102  11:05  Baneling  
  102  11:06  Baneling  
  102  11:07  Baneling  
  102  11:17  Zergling x2  
  102  11:18  Zergling x8  
  99  11:19  Baneling x2  
  99  11:20  Baneling  
  99  11:28  Zergling x8  
  94  11:48  Drone  
  94  11:49  Drone x11  
  106  11:54  Baneling x2  
  106  11:55  Baneling  
  106  11:56  Baneling, Zergling x4  
  107  12:02  Zergling x4  
  107  12:03  Zergling x4  
  107  12:05  Baneling  
  107  12:06  Baneling  
  107  12:07  Baneling  
  107  12:08  Baneling  
  110  12:20  Mutalisk x3  
  112  12:30  Zergling x2  
  112  12:31  Zergling x12  
  119  12:43  Zergling x6  
  120  12:49  Zergling x2  
  120  12:50  Zergling x16  
  121  12:54  Baneling x6  
  121  12:55  Baneling x2  
  121  12:58  Zergling x4  
  121  13:04  Zergling x4  
  121  13:05  Zergling x6  
  108  13:18  Zerg Ground Armor Level 2, Zerg Melee Weapons Level 2  
  95  13:22  Zergling x2  
  95  13:23  Zergling x6  
  89  13:31  Overseer  
  81  13:36  Zergling x14  
  81  13:37  Zergling x2  
  62  13:51  Mutalisk x4  
  68  14:01  Mutalisk x2  
  69  14:20  Overseer  
  65  14:28  Mutalisk  
  65  14:29  Mutalisk  
  69  14:34  Hatchery  
  65  14:47  Zergling x2  
  65  14:48  Zergling x12  
  60  15:26  Zergling x2  
  60  15:27  Zergling x20  
  71  15:39  Mutalisk  
  73  15:57  Baneling  
  73  16:00  Zergling x2  
  73  16:01  Zergling x8  
  78  16:16  Overseer x2  
  76  16:31  Baneling  
  76  16:32  Baneling x8  
  76  16:48  Zergling x4  
  76  16:49  Zergling x2  
  64  17:10  Zergling x6  
  64  17:14  Zergling x2  
  68  17:50  Overseer x2  
  68  17:51  Overseer  
Show
View Real Time Build Order
Export as new Build Order

BLACKki Terran 

Build Orders:  

Get SALT Encoding   

  12  0:00  SCV  
  13  0:12  SCV  
  14  0:18  Supply Depot  
  14  0:24  SCV  
  15  0:40  SCV  
  15  0:42  Refinery  
  16  0:46  Barracks  
  16  0:52  SCV  
  17  1:04  SCV  
  18  1:16  SCV  
  20  1:34  Orbital Command  
  20  1:35  Reaper  
  20  1:49  Command Center  
  20  2:04  Factory  
  19  2:17  SCV  
  19  2:20  Refinery, Barracks Reactor  
  20  2:29  SCV  
  21  2:34  Supply Depot  
  21  2:54  SCV  
  21  2:55  Factory Tech Lab  
  21  3:01  Starport  
  21  3:07  Engineering Bay, Supply Depot  
  21  3:16  Orbital Command  
  21  3:17  Marine  
  21  3:40  Missile Turret  
  21  3:43  Cyclone  
  21  3:46  Marine  
  25  3:54  SCV  
  26  4:04  SCV  
  26  4:08  Viking  
  29  4:11  Marine  
  29  4:15  SCV  
  31  4:19  SCV  
  32  4:27  Siege Tank  
  35  4:32  Marine x2  
  36  4:48  Viking  
  36  4:49  Marine  
  36  4:50  Marine  
  40  4:54  SCV  
  40  4:59  Siege Tank  
  44  5:33  SCV  
  44  5:34  SCV  
  46  5:38  Terran Infantry Weapons Level 1  
  46  5:40  Barracks  
  46  5:41  Barracks  
  46  5:43  Armory  
  46  5:44  Engineering Bay  
  46  5:47  SCV x2  
  48  5:59  SCV x2  
  50  6:06  Starport Reactor, Siege Tank  
  53  6:11  SCV  
  53  6:15  Refinery  
  53  6:16  Terran Infantry Armor Level 1  
  54  6:22  Supply Depot  
  54  6:25  SCV x2  
  56  6:32  Barracks Tech Lab, Supply Depot  
  56  6:33  Barracks Tech Lab  
  56  6:34  Marine x2  
  56  6:37  SCV x2  
  60  6:43  Terran Vehicle And Ship Armor Level 1  
  60  6:49  SCV x2  
  60  6:51  Marine  
  60  6:52  Marine  
  61  6:54  Supply Depot  
  57  7:01  SCV x2  
  58  7:18  SCV  
  58  7:19  SCV  
  60  7:24  Command Center  
  60  7:30  SCV  
  60  7:31  SCV  
  60  7:33  Refinery  
  62  7:42  Stimpack  
  62  7:43  SCV x2  
  62  7:44  Combat Shield  
  64  7:46  Supply Depot  
  64  7:48  Supply Depot  
  64  7:55  SCV, Medivac x2  
  69  8:04  Missile Turret  
  69  8:20  SCV, Siege Tank  
  69  8:23  SCV  
  69  8:25  Medivac x2  
  78  8:32  SCV  
  79  8:35  SCV, Terran Infantry Weapons Level 2, Missile Turret  
  81  8:44  Orbital Command, SCV  
  81  8:47  SCV  
  82  8:51  Marine  
  82  8:53  Marine x2  
  82  8:54  Marine  
  86  8:56  SCV  
  86  8:57  Siege Tank  
  90  9:09  Marine  
  91  9:11  Marine  
  92  9:18  Terran Infantry Armor Level 2, Factory  
  92  9:21  Barracks Reactor  
  92  9:25  SCV  
  93  9:33  Marine x2  
  93  9:35  SCV  
  96  9:39  Barracks Reactor, SCV  
  96  9:42  Factory  
  97  9:47  SCV  
  97  9:50  Missile Turret  
  97  9:52  Missile Turret x2  
  98  9:53  Terran Vehicle Weapons Level 1  
  98  9:54  Marine x2, Missile Turret  
  98  9:55  Orbital Command, Medivac  
  102  10:00  Marine x2  
  104  10:08  Siege Tank  
  104  10:11  Missile Turret  
  104  10:13  Siege Tank  
  110  10:16  Refinery  
  110  10:21  Refinery  
  110  10:22  Missile Turret  
  109  10:43  SCV x2  
  111  10:50  SCV  
  111  10:52  Terran Infantry Weapons Level 3  
  111  10:53  Marine x5  
  117  10:58  Barracks  
  117  10:59  Barracks  
  117  11:01  Barracks  
  117  11:06  Marine  
  117  11:07  SCV x2  
  117  11:20  SCV  
  117  11:24  SCV  
  117  11:25  Marine  
  117  11:26  SCV  
  117  11:32  SCV  
  106  11:52  Marine  
  106  11:53  Marine x4  
  106  11:54  Siege Tank  
  117  11:59  Siege Tank  
  117  12:04  Barracks Reactor, Barracks Tech Lab  
  117  12:05  Barracks Reactor  
  117  12:09  Refinery  
  117  12:12  Factory Tech Lab  
  117  12:32  Missile Turret  
  117  12:33  Sensor Tower  
  117  12:52  SCV x2  
  117  12:53  SCV, Marine x2, Viking x2  
  117  12:55  Supply Depot x2, Siege Tank x3  
  117  12:57  Marine  
  131  13:05  SCV x2  
  126  13:06  SCV  
  127  13:18  SCV  
  128  13:23  Viking x2  
  126  13:27  Siege Tank x2  
  132  13:40  Marine  
  132  13:41  Marine x6  
  137  14:12  Marine  
  137  14:13  Marine x7  
  137  14:16  Medivac  
  137  14:17  Medivac  
  149  14:23  Marine, Siege Tank  
  149  14:25  Barracks Reactor, Siege Tank  
  149  14:26  Siege Tank  
  149  14:30  Marine  
  149  14:58  Marine x3  
  149  14:59  Marine x6  
  148  15:00  Siege Tank  
  148  15:01  Siege Tank  
  148  15:03  Siege Tank  
  132  15:11  Terran Infantry Armor Level 3  
  118  15:16  Marine x3  
  92  15:30  SCV  
  92  15:31  SCV, Marine  
  92  15:32  Marine x7  
  92  15:33  Siege Tank x2  
  92  15:34  Marine x3, Medivac x2  
  92  15:35  Siege Tank  
  112  15:48  Hi-Sec Auto Tracking  
  112  15:49  Marine  
  111  15:50  Marine x4  
  115  16:00  Terran Vehicle Weapons Level 2  
  115  16:05  Siege Tank  
  115  16:06  Siege Tank  
  114  16:34  SCV  
  114  16:39  Marine x2  
  116  16:40  Marine x8, Command Center  
  116  16:42  Command Center  
  116  16:44  Neosteel Armor  
  116  16:46  Command Center  
  122  17:07  Marine  
  122  17:08  Marine x10  
  119  17:09  Siege Tank x3  
  138  17:18  Medivac x2  
  138  17:20  SCV  
  143  17:25  Marine  
  143  17:26  Marine x5  
  149  17:43  Marine x2  
  149  17:52  Marine x9, Medivac  
  157  18:00  Marine  
  157  18:01  Marine  
  128  18:09  Marine  
  128  18:10  Marine x6  
Tags
 
Add a new tag
Caveats
  • Supply blocks, unpowered buildings, or Contaminate may cause inaccurate times.
  • Supply counts are checked every 10 seconds.